 Dungeon Crawl Stone Soup version 0.23-a0-182-g58cdd98 (webtiles) character file.

14 TheGoonsmith the Sneak (level 2, 0/13 HPs)
             Began as a Spriggan Enchanter on Sept 20, 2018.
             Slain by an adder (2 damage)
             ... on level 2 of the Dungeon.
             The game lasted 00:01:49 (1198 turns).

TheGoonsmith the Sneak (Spriggan Enchanter)         Turns: 1198, Time: 00:01:49

Health: 0/13       AC:  2    Str:  4    XL:     2   Next: 31%
Magic:  6/6        EV: 18    Int: 16    God:
Gold:   68         SH:  0    Dex: 16    Spells: 5/6 levels left

rFire    . . .     SeeInvis +   f - +1 dagger (venom)
rCold    . . .     Gourm    .   (shield restricted)
rNeg     . . .     Faith    .   b - +0 robe
rPois    .         Spirit   .   (helmet restricted)
rElec    .         Reflect  .   (no cloak)
rCorr    .         Harm     .   (gloves unavailable)
MR       .....                  (boots unavailable)
Stlth    +++.......             (no amulet)
HPRegen  0.00/turn              (no ring)
MPRegen  0.10/turn              (no ring)

@: lethally poisoned (0 -> -10), flying, very quick
A: very small, unfitting armour, claws 1, talons 1, see invisible, herbivore,
speed 3, inhibited regeneration, slow metabolism 2
a: no special abilities


You were on level 2 of the Dungeon.
You were not hungry.

You visited 1 branch of the dungeon, and saw 2 of its levels.

You collected 68 gold pieces.

Inventory:

Hand Weapons
 a - a +1 dagger
 f - a +1 dagger of venom (weapon)
Armour
 b - a +0 robe (worn)
Scrolls
 h - a scroll of identify {unknown}
Potions
 c - a potion of mutation
 g - a potion of flight
Comestibles
 d - 3 rations


   Skills:
 + Level 0.1 Fighting
 * Level 1.9 Short Blades
 + Level 3.1 Dodging
 + Level 4.6 Stealth
 + Level 2.8 Spellcasting
 + Level 3.7 Hexes


You had 5 spell levels left.
You knew the following spells:

 Your Spells              Type           Power        Failure   Level  Hunger
a - Corona                Hex            ##.....      4%          1    #......

Your spell library contained the following spells:

 Spells                   Type           Power        Failure   Level  Hunger
 Confuse                  Hex            ##......     12%         3    ###....
 Tukima's Dance           Hex            ##......     12%         3    ###....
 Ensorcelled Hibernation  Hex/Ice        #.....       13%         2    ##.....
 Dazzling Spray           Conj/Hex       #.....       26%         3    ###....


Dungeon Overview and Level Annotations

Branches:
Dungeon (2/15)

Altars:


Innate Abilities, Weirdness & Mutations

You are very small and have problems with some larger weapons.
You are too small for most types of armour.
You have supernaturally acute eyesight. (SInv)
You are a herbivore.
You cover ground extremely quickly.
You need to consume almost no food.
You have sharp fingernails.
You have sharp toenails.
You do not regenerate when monsters are visible.


Message History

You are poisoned.
The adder poisons you!
You barely miss the adder.
You feel sick. The adder bites you.
You are lethally poisoned!
The adder poisons you!
It was a potion of mutation.
You feel extremely strange.
Your regeneration stops near monsters.
Your toenails lengthen and sharpen.
Your fingernails lengthen.
The adder bites you.
You are more poisoned.
The adder poisons you!
It was a potion of magic.
Magic courses through your body.
* * * LOW HITPOINT WARNING * * *
You feel sick. The adder misses you.
It was a potion of flight.
You feel very buoyant.
You fly up into the air.
* * * LOW HITPOINT WARNING * * *
You feel sick. The adder bites you.
You die...

#....# ############
#....# ...........#
#..<.#
...........###....#
..................#
.<.........##.....#
#######'#####..####
#.#####..#
#..lS@#..#
#..####..#
#..####..###.
###.≈..........
#...l.≈≈≈≈.≈.r≈
#.##≈.≈≈≈≈≈≈≈≈≈ #.
#≈.≈≈≈≈≈≈≈≈≈ #
##≈.≈≈≈≈≈≈≈≈≈
#...≈≈≈≈≈≈≈≈≈


You could see an adder and a frilled lizard.

Vanquished Creatures
  A leopard gecko (D:1)
  3 bats (D:1)
  A giant cockroach (D:1)
  3 goblins (D:1)
  A hobgoblin (D:1)
  A frilled lizard (D:2)
  A kobold (D:1)
  2 rats (D:1)
13 creatures vanquished.

Notes
Turn   | Place    | Note
-------+----------+-------------------------------------------
     0 | D:1      | TheGoonsmith the Spriggan Enchanter began the quest for the
                  | Orb.
     0 | D:1      | Reached XP level 1. HP: 9/9 MP: 5/5
   823 | D:1      | Reached XP level 2. HP: 13/13 MP: 6/6
  1174 | D:2      | Found a faded altar of an unknown god.
  1196 | D:2      | Gained mutation: You do not regenerate when monsters are
                  | visible. [potion of mutation]
  1196 | D:2      | Gained mutation: You have sharp toenails. [potion of
                  | mutation]
  1196 | D:2      | Gained mutation: You have sharp fingernails. [potion of
                  | mutation]
  1198 | D:2      | Slain by an adder

Vault maps used:
D:1:      minmay_arrival_radiant_lines
D:2:      first_ration, chequers_ecumenical_altar_island,
          corexii_hall_statues_deadend, uniq_jessica

Action                   || total
-------------------------++-------
Melee: Dagger            ||    45
 Cast: Corona            ||     7
  Use: Potion            ||     3
 Stab: Sleeping          ||     5
Armor: Robe              ||     9
Dodge: Dodged            ||    34

Table legend:
 A = Non-vault XP
 B = Vault XP
 C = Vault XP percentage of total XP
 D = Non-vault monster count
 E = Vault monster count
 F = Vault count percentage of total count
                 A         B        C        D         E       F
            +---------+---------+-------+---------+---------+-------
      Total |      21 |       0 |   0.0 |      13 |       0 |   0.0
            +---------+---------+-------+---------+---------+-------
        D:1 |      20 |       0 |   0.0 |      12 |       0 |   0.0
        D:2 |       1 |       0 |   0.0 |       1 |       0 |   0.0
            +---------+---------+-------+---------+---------+-------
